 Dungeon Crawl Stone Soup version 0.18-a0-1186-gd02dc51 (webtiles) character file.

392352 dvd the Sorcerer (level 22, -8/125 HPs)
             Began as a Deep Elf Fire Elementalist on Jan 28, 2016.
             Was the Champion of Vehumet.
             Mangled by an ettin
             ... wielding a +0 dire flail
              (37 damage)
             ... on level 4 of the Vaults on Jan 31, 2016.
             The game lasted 07:06:08 (57189 turns).

dvd the Sorcerer (Deep Elf Fire Elementalist)      Turns: 57189, Time: 07:06:09

Health: -8/125     AC: 18    Str:  9    XL:     22   Next: 12%
Magic:  23/54      EV: 26    Int: 47    God:    Vehumet [******]
Gold:   3659       SH:  5    Dex: 25    Spells: 14 memorised, 5 levels left

rFire  + + .     SeeInvis +     G - staff of fire
rCold  + . .     Gourm    .     E - +5 leather armour of Terror {rPois rN+ MR+ rCorr}
rNeg   + . .     Faith    .     M - +0 buckler of the Countless Ghosts {rF- rC+++ Str+4 Dex+2}
rPois  +         Spirit   .     u - +1 hat "Suonk" {+Blink rElec Str-4 Int+7}
rElec  +         Dismiss  .     I - +2 cloak {rPois}
rCorr  +         Reflect  .     T - +2 pair of gloves "Xouqoump" {Regen+ Int+5}
SustAt .         Harm     .     l - +2 pair of boots
MR     +++..     Rnd*Tele +     V - amulet of magic regeneration
Stlth  ++++++....               n - ring of Red Wine {*Tele rElec Dex+4 SInv Stlth+}
                                w - ring of Fugyfuymn {Str+4 Int+4 Slay+6}

@: immune to fire clouds, marked, very slightly contaminated, delayed fireball,
deflect missiles, extremely resistant to hostile enchantments, very stealthy
A: agile 2, robust 1, wild magic 1
a: Renounce Religion, Release Delayed Fireball, Evoke Blink
}: 2/15 runes: barnacled, gossamer


You were on level 4 of the Vaults.
You worshipped Vehumet.
Vehumet was exalted by your worship.
You were not hungry.

You visited 8 branches of the dungeon, and saw 41 of its levels.
You visited the Abyss 1 time.
You visited 1 bazaar.
You also visited: Labyrinth and Ice Cave.

You collected 4676 gold pieces.
You spent 1017 gold pieces at shops.

Inventory:

Hand Weapons
 a - a +9 quarterstaff of flaming
Armour
 l - a +2 pair of boots (worn)
 u - the +1 hat "Suonk" (worn) {+Blink rElec Str-4 Int+7}
   (You found it on level 3 of the Vaults)

   It affects your strength (-4).
   It affects your intelligence (+7).
   It insulates you from electricity.
   It lets you blink.
 E - the +5 leather armour of Terror (worn) {rPois rN+ MR+ rCorr}
   (You found it on level 3 of the Elven Halls)

   It protects you from poison.
   It protects you from negative energy.
   It affects your resistance to hostile enchantments.
   It protects you from acid and corrosion.
 I - a +2 cloak of poison resistance (worn)
 L - a +2 robe of the Archmagi
 M - the +0 buckler of the Countless Ghosts (worn) {rF- rC+++ Str+4 Dex+2}
   (You acquired it on level 2 of the Spider Nest)

   It affects your strength (+4).
   It affects your dexterity (+2).
   It makes you vulnerable to fire.
   It renders you almost immune to cold.
 O - a +2 hat of cold resistance
 R - the -4 hat of Agnosticism {*Contam rF++ Str+5}
   (You found it on level 3 of the Vaults)

   It affects your strength (+5).
   It greatly protects you from fire.
   It causes magical contamination when unequipped.
 T - the +2 pair of gloves "Xouqoump" (worn) {Regen+ Int+5}
   (You found it on level 2 of the Lair of Beasts)

   It affects your intelligence (+5).
   It increases your rate of regeneration.
Magical Staves
 G - an uncursed staff of fire (weapon)
Rods
 b - a +9 lightning rod (17/17)
   (You found it in a labyrinth)
Jewellery
 n - the ring of Red Wine (right hand) {*Tele rElec Dex+4 SInv Stlth+}
   (You took it off a deep elf death mage on level 3 of the Elven Halls)

   [ring of teleportation]

   It may teleport you next to monsters.
   It affects your dexterity (+4).
   It insulates you from electricity.
   It lets you see invisible.
   It makes you more stealthy.
 v - the ring of Raposke {rF- rC+ Str+5 Dex+4 Stlth+}
   (You found it on level 3 of the Elven Halls)

   [ring of dexterity]

   It affects your strength (+5).
   It affects your dexterity (+4).
   It makes you vulnerable to fire.
   It protects you from cold.
   It makes you more stealthy.
 w - the ring of Fugyfuymn (left hand) {Str+4 Int+4 Slay+6}
   (You found it on level 3 of the Shoals)

   [ring of strength]

   It affects your strength (+4).
   It affects your intelligence (+4).
   It affects your accuracy and damage with ranged weapons and melee attacks
   (+6).
 V - an amulet of magic regeneration (around neck)
Wands
 g - a wand of disintegration (16/24)
 o - a wand of digging (6/24)
 r - a wand of fire (7/15)
 s - a wand of digging (8/24)
 z - a wand of invisibility (3/9)
 P - a wand of cold (11/15)
 Q - a wand of digging (8/24)
 X - a wand of disintegration (7/24)
Scrolls
 e - 19 scrolls of remove curse
 f - 2 scrolls of amnesia
 k - 22 scrolls of identify
 p - 4 scrolls of recharging
 q - 4 scrolls of enchant armour
 y - 8 scrolls of teleportation
 A - 5 scrolls of enchant weapon
 J - 2 scrolls of magic mapping
 U - a scroll of blinking
 W - 4 scrolls of holy word
Potions
 d - a potion of resistance
 h - 9 potions of curing
 j - a potion of haste
 m - 4 potions of flight
 x - 3 potions of might
 B - 4 potions of cure mutation
 F - 6 potions of brilliance
 H - 8 potions of agility
Books
 i - a book of Power

   Spells                             Type                      Level
   a - Fulminant Prism                Conjuration/Hexes            4
   b - Iskenderun's Mystic Blast      Conjuration                  4
   c - Venom Bolt                     Conjuration/Poison           5
   d - Bolt of Magma                  Conjuration/Fire/Earth       5
   e - Iron Shot                      Conjuration/Earth            6
   f - Orb of Destruction             Conjuration                  7
   g - Spellforged Servitor           Conjuration/Summoning        7
 Z - a book of Ice

   Spells                             Type                      Level
   a - Ice Form                       Ice/Transmutation            4
   b - Metabolic Englaciation         Hexes/Ice                    5
   c - Ozocubu's Refrigeration        Ice                          6
   d - Bolt of Cold                   Conjuration/Ice              6
   e - Freezing Cloud                 Conjuration/Ice/Air          6
   f - Simulacrum                     Ice/Necromancy               6
Comestibles
 c - 14 bread rations
 C - 3 meat rations
 K - a beef jerky
 N - 39 fruits
 S - 11 slices of pizza


   Skills:
 + Level 4.7 Fighting
 + Level 6.5 Staves
 + Level 14.1 Dodging
 + Level 9.9 Stealth
 + Level 0.7 Shields
 + Level 26.0 Spellcasting
 + Level 20.0 Conjurations
 + Level 8.8 Hexes
 + Level 9.0 Charms
 + Level 1.2 Necromancy
 + Level 2.0 Translocations
 + Level 2.1 Transmutations
 + Level 19.9 Fire Magic
 + Level 2.9 Ice Magic
 + Level 2.3 Air Magic
 + Level 5.3 Earth Magic
 + Level 3.8 Poison Magic
 + Level 7.5 Evocations


You had 5 spell levels left.
You knew the following spells:

 Your Spells              Type           Power        Failure   Level  Hunger
a - Bolt of Fire          Conj/Fire      ##########   1%          6    None
b - Iron Shot             Conj/Erth      ########..   1%          6    None
c - Inner Flame           Hex/Fire       ########     1%          3    None
d - Lehudib's Crystal Sp  Conj/Erth      ########..   9%          8    None
e - Irradiate             Conj/Trmt      ########..   1%          5    None
f - Fireball              Conj/Fire      ##########   1%          5    None
g - Deflect Missiles      Chrm/Air       ########..   19%         6    None
j - Tukima's Dance        Hex            ########     1%          3    None
k - Delayed Fireball      Conj/Fire      N/A          1%          7    None
l - Blink                 Tloc           N/A          2%          2    None
m - Poison Arrow          Conj/Pois      ########..   1%          6    None
n - Bolt of Cold          Conj/Ice       ######....   1%          6    None
o - Ring of Flames        Chrm/Fire      #########.   3%          7    None
p - Regeneration          Chrm/Necr      ########..   1%          3    None


Dungeon Overview and Level Annotations

Branches:
Dungeon (15/15)            Temple (1/1) D:6            Lair (8/8) D:8
 Shoals (4/4) Lair:4       Spider (4/4) Lair:6        Slime (0/6) Lair:7
    Orc (2/2) D:12            Elf (3/3) Orc:2        Vaults (4/5) D:14
  Crypt (0/3) Vaults:3     Depths (0/5) D:15

Altars:
Ashenzari
Cheibriados
Dithmenos
Elyvilon
Fedhas
Gozag
Kikubaaqudgha
Makhleb
Nemelex Xobeh
Okawaru
Pakellas
Qazlal
Ru
Sif Muna
Trog
Vehumet
Xom
Yredelemnul
Zin
The Shining One
Beogh

Shops:
D:4 }   D:6 *   D:15 %   Orc:2 *[:(   Elf:3 =   Shoals:1 ?   Vaults:3 [

Annotations:
Vaults:4 Sojobo


Innate Abilities, Weirdness & Mutations

You are immune to clouds of flame.
You are very agile. (Dex +4)
You are robust (+10% HP).
Your spells are a little harder to cast, but a little more powerful.


Message History

The air elemental is engulfed in roaring flames.
You destroy the air elemental!
The air elemental completely misses you. x2
Read which item? (? for menu, Esc to quit)
As you read the scroll of teleportation, it crumbles to dust.
You feel strangely unstable.
The air elemental is engulfed in roaring flames.
The air elemental completely misses you.
The air elemental is engulfed in roaring flames.
You destroy the air elemental!
Drink which item? (? for menu, Esc to quit)
You feel better.
Your surroundings suddenly seem different.
An ettin comes into view.
It is wielding a dire flail and a dire flail of holy wrath.
The helpless ettin fails to defend itself.
You hit the ettin but do no damage. You burn the ettin!
The ettin is lightly wounded.
The ettin is engulfed in roaring flames.
The ettin hits you with a dire flail!!!
You die...

........#......#.....
......^.'....^.'..../
........#......#.....
........#...<..'.....
+########......#.....
#......######
######+######
#§§.....# #@§.....#
#§C.....# #.......#
#.......# #.......#
+.......# #########


You could see an ettin.

Vanquished Creatures
  Nikola (Shoals:3)
  Jory (Vaults:4)
  2 deep elf master archers (Elf:3)
  The ghost of George the Fencer, an adept MiFi of the Shining One (Spider:4)
  A deep elf blademaster (Elf:3)
  A tentacled starspawn (Abyss:2)
  A lich (Vaults:3)
  2 tengu reavers (Vaults:4)
  Kirke (Spider:4)
  The ghost of mrath the Thaumaturge, an adept DDNe of Vehumet (Shoals:2)
  Ilsuiw (Shoals:4)
  Donald (Vaults:1)
  A fire giant (Vaults:3)
  8 deep elf sorcerers (Elf:3)
  The ghost of mrath the Warrior, an adept MiFi of Okawaru (Shoals:4)
  Aizul (Vaults:1)
  6 ghost moths
  2 frost giants
  11 ironheart preservers
  11 vault wardens
  6 emperor scorpions
  2 very ugly things (Vaults:2)
  2 deep elf elementalists (Elf:3)
  3 deep elf demonologists (Elf:3)
  6 stone giants
  Nessos (Lair:6)
  5 dire elephants (Lair:8)
  2 spark wasps
  Snorg (Orc:2)
  9 deep elf annihilators (Elf:3)
  The ghost of Chiseanne the Fighter, a journeyman CeAE of Gozag (Orc:2)
  9 deep elf death magi
  3 merfolk javelineers (Shoals:4)
  An ettin (Vaults:2)
  17 vault guards
  6 merfolk impalers
  2 fire dragons
  8 deep elf high priests (Elf:3)
  Fannar (D:10)
  2 great orbs of eyes (Vaults:3)
  A minotaur (Lab)
  An ice dragon (shapeshifter) (D:15)
  5 yaktaur captains
  An ice dragon (Vaults:2)
  2 rakshasas
  8 hydras
  3 entropy weavers
  An anaconda (Lair:8)
  5 merfolk avatars
  8 centaur warriors
  8 merfolk aquamancers
  3 alligator snapping turtles
  A tengu warrior (D:13)
  A satyr (Shoals:4)
  7 ogre magi
  A deep troll earth mage (Vaults:2)
  A death knight (D:12)
  9 death yaks
  28 dancing weapons
  3 deep troll shamans
  4 orc high priests (Orc:2)
  Nergalle (D:12)
  3 thrashing horrors (Abyss:2)
  Sonja (D:10)
  A hell knight (Vaults:1)
  15 deep elf knights
  A soul eater (Vaults:3)
  A fire crab (Vaults:3)
  A fire crab (shapeshifter) (Vaults:1)
  A shadow wraith (Vaults:3)
  4 skeletal warriors (Vaults:2)
  A death drake (Abyss:2)
  3 unseen horrors
  8 sea snakes
  13 deep trolls
  4 giant orange brains
  11 ironbrand convokers
  2 phantasmal warriors
  An obsidian statue (Vaults:2)
  8 hill giants
  3 lindwurms (shapeshifter)
  4 necromancers
  16 deep elf archers
  27 orb spiders
  7 harpies
  6 wizards
  A cyclops (shapeshifter) (Elf:3)
  10 water nymphs
  11 orc knights
  64 ugly things
  12 griffons
  2 hornets (Spider:1)
  10 cyclopes
  8 orc sorcerers
  39 deep elf magi
  A hornet (shapeshifter) (Vaults:3)
  A faun (shapeshifter) (Elf:3)
  A worldbinder (Abyss:2)
  39 wolf spiders
  11 manticores
  A sixfirhy (Abyss:2)
  4 moths of wrath
  8 fauns
  14 elephants
  A frost giant skeleton (Vaults:1)
  A shining eye (Abyss:2)
  A human skeleton (Vaults:1)
  A naga mage (Vaults:3)
  Maurice (Orc:2)
  4 sirens
  An octopode (shapeshifter) (D:14)
  A smoke demon (Abyss:2)
  An ice statue (IceCv)
  6 black mambas
  13 vault sentinels
  A gargoyle (D:15)
  2 large abominations (Abyss:2)
  5 spiny frogs
  3 kobold demonologists
  23 yaktaurs
  8 komodo dragons
  A golden dragon simulacrum (Abyss:2)
  16 demonic crawlers
  4 fire drakes
  27 merfolk
  2 tengu conjurers (Vaults:3)
  7 trolls
  2 wind drakes
  13 polar bears (IceCv)
  14 two-headed ogres
  3 freezing wraiths
  32 jumping spiders
  Grinder (D:3)
  31 slime creatures
  9 raiju (Abyss:2)
  3 boulder beetles
  13 blink frogs
  11 snapping turtles
  A vampire (D:13)
  2 air elementals
  2 ynoxinuls (Abyss:2)
  18 water elementals
  2 wyverns
  48 redbacks
  2 shadows
  38 tarantellas
  7 wraiths
  A wyvern (shapeshifter) (Vaults:1)
  75 yaks
  2 yaks (shapeshifter)
  3 basilisks (shapeshifter)
  3 fire elementals
  A human (D:7)
  4 basilisks
  4 hogs
  A hippogriff (shapeshifter) (Vaults:3)
  14 hippogriffs
  11 hungry ghosts (Lab)
  22 vampire mosquitoes
  A chaos spawn (Abyss:2)
  Menkaure (D:6)
  4 small abominations
  A mottled dragon (shapeshifter) (Vaults:1)
  25 wolves
  6 wargs
  A mottled dragon (D:12)
  15 water moccasins
  Duvessa (D:4)
  54 orc warriors
  6 porcupines
  4 sky beasts
  4 ice beasts
  A sky beast (shapeshifter) (D:15)
  A black bear (D:7)
  2 eyes of draining (shapeshifter)
  3 phantoms
  5 wasps
  39 ogres
  An ogre (shapeshifter) (Vaults:4)
  7 boggarts
  23 centaurs
  12 crocodiles
  14 giant frogs
  An earth elemental (Elf:3)
  4 big kobolds
  A gnoll sergeant (D:10)
  Dowan (D:4)
  A water moccasin zombie (D:7)
  4 wyvern skeletons
  2 scorpions
  12 killer bees
  11 wights
  A spriggan skeleton (Lab)
  8 electric eels
  3 centaur zombies
  8 crimson imps
  3 quasits
  5 giant frog zombies
  A human simulacrum (Vaults:1)
  Crazy Yiuf (D:2)
  34 orc priests
  7 centaur skeletons
  7 hounds
  6 jellies
  30 orc wizards
  Jessica (D:2)
  13 iguanas
  An iguana (shapeshifter) (Vaults:2)
  10 worker ants
  31 sheep
  A killer bee zombie (D:6)
  2 ogre skeletons (Lab)
  3 hound skeletons
  A worker ant zombie (D:5)
  6 adders
  13 gnolls
  61 river rats
  4 shadow imps
  13 white imps
  2 giant eyeballs (Lab)
  3 oozes (Lair:7)
  6 worms
  3 giant geckos
  130 orcs
  A ball python (D:1)
  A giant cockroach (D:2)
  10 goblins
  10 hobgoblins
  7 jackals
  27 kobolds
  3 quokkas
  9 bats
  3 giant newts
  A quokka zombie (D:9)
  6 rats
  3 bushes (Lair:2)
  A crawling corpse (Elf:3)
  A fungus (Lair:7)
  39 plants
  A starspawn tentacle (Abyss:2)
1955 creatures vanquished.

Vanquished Creatures (collateral kills)
  A tengu reaver (Vaults:3)
  A vault warden (Vaults:1)
  An orc warlord (Orc:2)
  2 ironheart preservers
  2 vault guards (Vaults:3)
  2 deep elf knights
  A skeletal warrior (Vaults:2)
  2 deep elf archers (Elf:3)
  A deep troll (Vaults:1)
  An ironbrand convoker (Vaults:4)
  A wolf spider (Vaults:1)
  An orc knight (Vaults:2)
  An orc sorcerer (Vaults:3)
  8 deep elf magi
  A vault sentinel (Vaults:1)
  A two-headed ogre (D:15)
  4 orc warriors (Orc:2)
  3 wights
  2 orc priests (Orc:2)
  2 orc wizards (Orc:2)
  2 gnolls (D:15)
  6 orcs
46 creatures vanquished.

Vanquished Creatures (others)
  8 dancing weapons
  A boulder beetle (D:4)
  2 humans (Spider:4)
  An iguana (D:6)
  3 river rats (Lair:7)
  A bush (Lair:3)
  2 butterflies (Lair:7)
  22 fungi
  9 plants
  A starspawn tentacle (Abyss:2)
50 creatures vanquished.

Grand Total: 2051 creatures vanquished

Notes
Turn   | Place    | Note
--------------------------------------------------------------
     0 | D:1      | dvd the Deep Elf Fire Elementalist began the quest for the Orb.
     0 | D:1      | Reached XP level 1. HP: 10/10 MP: 6/6
   328 | D:1      | Reached XP level 2. HP: 15/15 MP: 4/8
   332 | D:1      | Learned a level 2 spell: Throw Flame
  1072 | D:2      | Noticed Jessica
  1075 | D:2      | Killed Jessica
  1075 | D:2      | Reached skill level 4 in Fire Magic
  1075 | D:2      | Reached XP level 3. HP: 19/19 MP: 5/10
  1423 | D:2      | Found an iron altar of Okawaru.
  1470 | D:2      | Reached XP level 4. HP: 24/24 MP: 4/12
  1478 | D:2      | Learned a level 3 spell: Inner Flame
  1630 | D:2      | Found a burning altar of Makhleb.
  2198 | D:2      | Noticed Crazy Yiuf
  2209 | D:2      | Learned a level 4 spell: Sticky Flame
  2219 | D:2      | Killed Crazy Yiuf
  2498 | D:3      | Reached XP level 5. HP: 28/28 MP: 3/13
  2570 | D:3      | Found a snail-covered altar of Cheibriados.
  2819 | D:3      | Noticed an ogre
  3449 | D:4      | Noticed Duvessa
  3452 | D:4      | Noticed Dowan
  3470 | D:4      | Killed Duvessa
  3470 | D:4      | Reached skill level 5 in Spellcasting
  3470 | D:4      | Reached XP level 6. HP: 32/32 MP: 8/16
  3478 | D:4      | Killed Dowan
  3478 | D:4      | Reached skill level 5 in Fire Magic
  3578 | D:4      | Found a shattered altar of Ashenzari.
  3712 | D:3      | Noticed Grinder
  3719 | D:3      | Killed Grinder
  3719 | D:3      | Reached skill level 6 in Spellcasting
  3719 | D:3      | Reached XP level 7. HP: 25/36 MP: 6/18
  4207 | D:3      | Reached skill level 1 in Staves
  4412 | D:4      | Found Nedwozon's Gadget Emporium.
  4481 | D:4      | Found an oddly glowing altar of Pakellas.
  4482 | D:4      | Noticed a boulder beetle
  4504 | D:4      | Killed a boulder beetle
  4582 | D:5      | Entered Level 5 of the Dungeon
  4602 | D:5      | Reached skill level 7 in Spellcasting
  4868 | D:5      | Found a glowing silver altar of Zin.
  4883 | D:5      | Learned a level 2 spell: Repel Missiles
  5143 | D:5      | Learned a level 5 spell: Fireball
  5196 | D:5      | Reached XP level 8. HP: 26/42 MP: 5/21
  5818 | D:6      | Reached skill level 5 in Dodging
  5847 | D:6      | Reached skill level 1 in Fighting
  5981 | D:6      | Found a basalt altar of Yredelemnul.
  5995 | D:6      | Found a radiant altar of Vehumet.
  6001 | D:6      | Reached skill level 8 in Spellcasting
  6028 | D:6      | Became a worshipper of Vehumet
  6101 | D:6      | Found a staircase to the Ecumenical Temple.
  6106 | Temple   | Entered the Ecumenical Temple
  6420 | D:6      | Reached skill level 5 in Conjurations
  6578 | D:6      | Found Peaf Eppuaqo's General Store.
  6736 | D:6      | Noticed Menkaure
  6745 | D:6      | Killed Menkaure
  7056 | D:6      | Found a deep blue altar of Sif Muna.
  7370 | D:7      | Reached XP level 9. HP: 43/48 MP: 13/23
  7820 | D:7      | Learned a level 3 spell: Ignite Poison
  7824 | D:7      | Learned a level 3 spell: Mephitic Cloud
  8071 | D:7      | Reached * piety under Vehumet
  8071 | D:7      | Offered knowledge of Sandblast by Vehumet.
  8071 | D:7      | Reached skill level 9 in Spellcasting
  8178 | D:7      | Reached skill level 1 in Hexes
  8192 | D:7      | Reached skill level 1 in Charms
  8701 | D:8      | Noticed a moth of wrath
  8836 | D:8      | Reached skill level 1 in Poison Magic
  9178 | D:8      | Found a staircase to the Lair.
  9232 | D:8      | Reached skill level 1 in Air Magic
  9279 | D:8      | Found a bloodstained altar of Trog.
  9396 | Lair:1   | Entered Level 1 of the Lair of Beasts
  9420 | Lair:1   | Found a labyrinth entrance.
  9430 | Lab      | Entered a labyrinth
  9559 | Lab      | Reached skill level 5 in Stealth
  9732 | Lab      | Reached XP level 10. HP: 49/54 MP: 4/25
 11010 | Lab      | Reached skill level 10 in Spellcasting
 11066 | Lab      | Learned a level 1 spell: Sandblast
 11673 | Lab      | Paralysed by a giant eyeball for 4 turns
 11677 | Lab      | Offered knowledge of Throw Frost by Vehumet.
 11681 | Lab      | Learned a level 2 spell: Throw Frost
 13379 | Lab      | Reached skill level 1 in Transmutations
 13687 | Lab      | Noticed a minotaur
 13704 | Lab      | Killed a minotaur
 13704 | Lab      | Reached skill level 1 in Evocations
 13717 | Lab      | Got a bloodstained flail
 13936 | Lab      | Identified the +9 flail of Prudence {crush, +Inv rF- Int+4 Dex+4} (You found it in a labyrinth)
 14497 | Lair:1   | Reached ** piety under Vehumet
 15183 | Lair:2   | Noticed a five-headed hydra
 15201 | Lair:1   | Learned a level 6 spell: Bolt of Fire
 15291 | Lair:2   | Got a crystal war axe
 15292 | Lair:2   | Identified the +3 war axe of the Moth {flame, +Inv rN+} (You found it on level 2 of the Lair of Beasts)
 15322 | Lair:2   | Got a heavily runed leather armour
 15349 | Lair:2   | Identified the +0 leather armour "Qiaxtub" {rC- MP+9 Str+8 Dex+2} (You found it on level 2 of the Lair of Beasts)
 15370 | Lair:2   | Noticed a spiny frog
 15389 | Lair:2   | Killed a spiny frog
 15389 | Lair:2   | Reached XP level 11. HP: 43/60 MP: 2/27
 15546 | Lair:2   | Noticed a four-headed hydra
 15555 | Lair:2   | Killed a four-headed hydra
 15698 | Lair:2   | Killed a five-headed hydra
 16628 | Lair:2   | Got a pair of steaming gloves
 16639 | Lair:2   | Identified the +2 pair of gloves "Xouqoump" {Regen+ Int+5} (You found it on level 2 of the Lair of Beasts)
 16713 | Lair:2   | Noticed a griffon
 16718 | Lair:2   | Offered knowledge of Static Discharge by Vehumet.
 16728 | Lair:2   | Killed a griffon
 17079 | Lair:3   | Noticed an eight-headed hydra
 17109 | Lair:3   | Killed an eight-headed hydra
 17109 | Lair:3   | Reached skill level 5 in Staves
 17109 | Lair:3   | Reached skill level 11 in Spellcasting
 17113 | Lair:3   | Reached *** piety under Vehumet
 17553 | Lair:3   | Learned a level 3 spell: Tukima's Dance
 17719 | Lair:3   | Noticed a death yak
 17723 | Lair:3   | Noticed a death yak
 17723 | Lair:3   | Noticed a death yak
 17724 | Lair:3   | Noticed a death yak
 17730 | Lair:3   | Killed a death yak
 17730 | Lair:3   | Reached skill level 10 in Dodging
 17730 | Lair:3   | Reached skill level 10 in Fire Magic
 17780 | Lair:3   | Killed a death yak
 17780 | Lair:3   | Reached skill level 12 in Spellcasting
 17878 | Lair:3   | Noticed a death yak
 17883 | Lair:3   | Noticed a death yak
 17888 | Lair:3   | Reached XP level 12. HP: 59/64 MP: 18/30
 17901 | Lair:3   | Killed a death yak
 17901 | Lair:3   | Offered knowledge of Throw Icicle by Vehumet.
 17903 | Lair:3   | Killed a death yak
 17904 | Lair:3   | Killed a death yak
 17905 | Lair:3   | Killed a death yak
 18323 | Lair:4   | Gained mutation: You are agile. (Dex +2) [potion of beneficial mutation]
 18618 | Lair:4   | Found a staircase to the Shoals.
 18685 | Lair:4   | Noticed a six-headed hydra
 18689 | Lair:4   | Killed a six-headed hydra
 18689 | Lair:4   | Reached **** piety under Vehumet
 18755 | Lair:4   | Reached skill level 10 in Conjurations
 18924 | Lair:4   | Reached skill level 13 in Spellcasting
 18924 | Lair:4   | Offered knowledge of Fulminant Prism by Vehumet.
 19121 | Lair:4   | You fall through a shaft!
 19146 | Lair:5   | Noticed a six-headed hydra
 19150 | Lair:5   | Killed a six-headed hydra
 19354 | Lair:4   | Learned a level 7 spell: Delayed Fireball
 19836 | Lair:5   | Reached XP level 13. HP: 64/69 MP: 27/32
 19903 | Lair:5   | Reached ***** piety under Vehumet
 20165 | Lair:6   | Offered knowledge of Poison Arrow by Vehumet.
 20230 | Lair:6   | Learned a level 2 spell: Blink
 20411 | Lair:6   | Noticed Nessos
 20415 | Lair:6   | Killed Nessos
 20415 | Lair:6   | Reached skill level 14 in Spellcasting
 20836 | Lair:6   | Found a hole to the Spider Nest.
 21199 | Lair:7   | Found a staircase to the Slime Pits.
 21993 | Lair:8   | Entered Level 8 of the Lair of Beasts
 22181 | Lair:8   | Reached skill level 15 in Spellcasting
 22985 | Lair:8   | Reached XP level 14. HP: 38/75 MP: 25/35
 23075 | Lair:8   | Identified the Papyrus of Battle Magic (You found it on level 8 of the Lair of Beasts)
 23132 | Lair:8   | Reached skill level 16 in Spellcasting
 23142 | Lair:8   | Reached skill level 1 in Translocations
 23458 | D:9      | Learned a level 6 spell: Poison Arrow
 23507 | D:9      | Offered knowledge of Ozocubu's Refrigeration by Vehumet.
 23554 | D:9      | Reached skill level 1 in Ice Magic
 23652 | D:9      | Found a white marble altar of Elyvilon.
 24198 | D:10     | Entered Level 10 of the Dungeon
 24667 | D:10     | Noticed Sonja
 24671 | D:10     | Killed Sonja
 24798 | D:10     | Noticed Fannar
 24802 | D:10     | Killed Fannar
 25594 | D:11     | Offered knowledge of Lee's Rapid Deconstruction by Vehumet.
 25974 | D:11     | Got a spiked leather armour
 25985 | D:11     | Identified the +1 leather armour of Benevolence {Regen+ Str-5 Dex+7 Stlth+} (You found it on level 11 of the Dungeon)
 25985 | D:11     | Lost strength.
 26894 | D:12     | Found a staircase to the Orcish Mines.
 26993 | D:12     | Noticed Nergalle
 26997 | D:12     | Killed Nergalle
 27673 | D:13     | Reached skill level 17 in Spellcasting
 28076 | D:13     | Found a shadowy altar of Dithmenos.
 28271 | D:13     | Offered knowledge of Bolt of Draining by Vehumet.
 28279 | D:13     | Learned a level 6 spell: Iron Shot
 28385 | D:13     | Found a roughly hewn altar of Beogh.
 28998 | Spider:1 | Entered Level 1 of the Spider Nest
 29029 | Spider:1 | Noticed an emperor scorpion
 29037 | Spider:1 | Killed an emperor scorpion
 29195 | Spider:1 | Reached XP level 15. HP: 80/80 MP: 26/38
 29807 | Spider:1 | Reached ****** piety under Vehumet
 30368 | Spider:2 | Offered knowledge of Orb of Destruction by Vehumet.
 30746 | Spider:2 | Reached skill level 5 in Evocations
 30883 | Spider:2 | Reached skill level 18 in Spellcasting
 30937 | Spider:2 | Identified a scroll of acquirement
 30940 | Spider:2 | Got a pitted buckler
 30946 | Spider:2 | Identified the +0 buckler of the Countless Ghosts {rF- rC+++ Str+4 Dex+2} (You acquired it on level 2 of the Spider Nest)
 30989 | Spider:2 | Reached skill level 1 in Earth Magic
 32040 | Spider:3 | Got a smoking platinum ring
 32042 | Spider:3 | Identified the ring "Cogis" {rPois Str+4 Int-2 Stlth-} (You found it on level 3 of the Spider Nest)
 32304 | Spider:3 | Noticed a ghost moth
 32306 | Spider:3 | Killed a ghost moth
 32751 | Spider:4 | Entered Level 4 of the Spider Nest
 32919 | Spider:4 | Noticed a ghost moth
 32922 | Spider:4 | Killed a ghost moth
 33168 | Spider:4 | Noticed a ghost moth
 33171 | Spider:4 | Killed a ghost moth
 33171 | Spider:4 | Offered knowledge of Bolt of Cold by Vehumet.
 33171 | Spider:4 | Reached XP level 16. HP: 84/84 MP: 14/40
 33199 | Spider:4 | Noticed George's ghost (adept MiFi)
 33209 | Spider:4 | Killed George's ghost
 33290 | Spider:4 | Reached skill level 19 in Spellcasting
 33513 | Spider:4 | Reached skill level 15 in Fire Magic
 33683 | Spider:4 | Noticed Kirke
 33813 | Spider:4 | Learned a level 6 spell: Bolt of Cold
 33823 | Spider:4 | Killed Kirke
 34256 | Spider:4 | Reached skill level 15 in Conjurations
 34298 | Spider:4 | Offered knowledge of Conjure Ball Lightning by Vehumet.
 34949 | Spider:4 | Got a gossamer rune of Zot
 35379 | Orc:1    | Entered Level 1 of the Orcish Mines
 35628 | Orc:2    | Entered Level 2 of the Orcish Mines
 35646 | Orc:2    | Noticed Snorg
 35652 | Orc:2    | Killed Snorg
 35996 | Orc:1    | Reached skill level 20 in Spellcasting
 36445 | Orc:2    | Offered knowledge of Lehudib's Crystal Spear by Vehumet.
 36445 | Orc:2    | Offered knowledge of Glaciate by Vehumet.
 36445 | Orc:2    | Offered knowledge of Chain Lightning by Vehumet.
 36456 | Orc:2    | Found Jioserch's General Store.
 36469 | Orc:2    | Found Gishad's Antique Armour Shoppe.
 36480 | Orc:2    | Bought a pair of glowing boots for 148 gold pieces
 36490 | Orc:2    | Bought a wizard robe for 188 gold pieces
 36504 | Orc:2    | Identified the +1 robe "Nuoshis" {rN+ rCorr Int+2} (You bought it in a shop on level 2 of the Orcish Mines)
 36506 | Orc:2    | Bought a heavily jewelled robe for 188 gold pieces
 36522 | Orc:2    | Identified the +1 robe of Buowk {rN+ Str-5 Dex+4} (You bought it in a shop on level 2 of the Orcish Mines)
 36522 | Orc:2    | Lost strength.
 36620 | Orc:2    | Found a roughly hewn altar of Beogh.
 36943 | Orc:2    | Reached XP level 17. HP: 88/88 MP: 36/43
 37014 | Orc:2    | Noticed Maurice
 37019 | Orc:2    | Killed Maurice
 37114 | Orc:2    | Noticed Chiseanne's ghost (journeyman CeAE)
 37124 | Orc:2    | Killed Chiseanne's ghost
 37341 | Orc:2    | Found Rixtuf's Book Shop.
 37366 | Orc:2    | Found a roughly hewn altar of Beogh.
 37430 | Orc:2    | Found Ahim's Weapon Shoppe.
 37707 | Orc:2    | Identified Voitoshrana's Guide on Glacial Protection (You found it on level 2 of the Orcish Mines)
 37777 | Orc:2    | Found a staircase to the Elven Halls.
 37920 | Elf:1    | Entered Level 1 of the Elven Halls
 38549 | Elf:1    | Found a deep blue altar of Sif Muna.
 39115 | Elf:2    | Found a runed gate.
 39115 | Elf:2    | Found a runed gate.
 39162 | Elf:2    | Found a runed gate.
 39994 | Elf:2    | Reached skill level 21 in Spellcasting
 40031 | Elf:2    | Reached skill level 5 in Hexes
 40545 | Elf:3    | Entered Level 3 of the Elven Halls
 40806 | Elf:3    | Reached XP level 18. HP: 95/95 MP: 38/45
 40849 | Elf:3    | Found Siadgh's Jewellery Emporium.
 41506 | Elf:3    | Cast into level 2 of the Abyss (a deep elf sorcerer)
 41793 | Abyss:2  | Noticed a lich
 41797 | Abyss:2  | Noticed a Hell Sentinel
 42055 | Elf:3    | Escaped the Abyss
 42158 | Elf:3    | Reached skill level 22 in Spellcasting
 42888 | Elf:3    | Got a smoking steel ring
 42892 | Elf:3    | Identified the ring of Red Wine {*Tele rElec Dex+4 SInv Stlth+} (You took it off a deep elf death mage on level 3 of the Elven Halls)
 43122 | Elf:3    | Noticed a Brimstone Fiend
 43237 | Elf:3    | Identified the Incunabulum of Scorching Arcane Weapons
 43265 | Elf:3    | Got a smoking jade ring
 43267 | Elf:3    | Identified the ring of Raposke {rF- rC+ Str+5 Dex+4 Stlth+} (You found it on level 3 of the Elven Halls)
 43279 | Elf:3    | Identified Witchery for Beginners (You found it on level 3 of the Elven Halls)
 43381 | Elf:3    | Identified the Almanac of the Voyage (You found it on level 3 of the Elven Halls)
 43420 | Elf:3    | Got an ancient leather armour
 43431 | Elf:3    | Identified the +5 leather armour of Terror {rPois rN+ MR+ rCorr} (You found it on level 3 of the Elven Halls)
 43592 | Elf:3    | Learned a level 7 spell: Ring of Flames
 43809 | D:14     | Found a gate to the Vaults.
 43816 | D:14     | Reached XP level 19. HP: 99/99 MP: 16/47
 44642 | D:15     | Entered Level 15 of the Dungeon
 44865 | D:15     | Found a blossoming altar of Fedhas.
 44873 | D:15     | Found a shimmering altar of Xom.
 45112 | D:15     | Found Moshap's Food Emporium.
 45131 | D:15     | Found a frozen archway.
 45137 | D:15     | Reached skill level 23 in Spellcasting
 45143 | IceCv    | Entered an ice cave
 45473 | IceCv    | Reached skill level 5 in Earth Magic
 45674 | IceCv    | Gained mutation: You are robust (+10% HP). [potion of beneficial mutation]
 45675 | IceCv    | Gained mutation: You are very agile. (Dex +4) [potion of beneficial mutation]
 46241 | D:15     | Found a staircase to the Depths.
 46847 | Shoals:1 | Entered Level 1 of the Shoals
 47037 | D:8      | Learned a level 3 spell: Regeneration
 47121 | Shoals:1 | Found Decs's Magic Scroll Shop.
 47146 | Shoals:1 | Bought a scroll of amnesia for 56 gold pieces
 47311 | Shoals:1 | Reached skill level 5 in Charms
 48244 | Shoals:2 | Noticed mrath's ghost (adept DDNe)
 48247 | Shoals:2 | Killed mrath's ghost
 48790 | Shoals:3 | Got a sparkling glass ring
 48792 | Shoals:3 | Identified the ring of Fugyfuymn {Str+4 Int+4 Slay+6} (You found it on level 3 of the Shoals)
 49191 | Shoals:3 | Noticed Nikola
 49197 | Shoals:3 | Killed Nikola
 49315 | Shoals:3 | Learned a level 8 spell: Lehudib's Crystal Spear
 49492 | Shoals:4 | Entered Level 4 of the Shoals
 49546 | Shoals:4 | Noticed mrath's ghost (adept MiFi)
 49559 | Shoals:4 | Killed mrath's ghost
 49726 | Shoals:4 | Noticed Ilsuiw
 49735 | Shoals:4 | Killed Ilsuiw
 50189 | Shoals:4 | Reached XP level 20. HP: 114/114 MP: 37/49
 50233 | Shoals:4 | Got a barnacled rune of Zot
 51082 | Vaults:1 | Entered Level 1 of the Vaults
 51270 | Vaults:1 | Reached skill level 24 in Spellcasting
 51902 | Vaults:1 | Noticed Aizul
 51906 | Vaults:1 | Killed Aizul
 52108 | Vaults:1 | Noticed Donald
 52110 | Vaults:1 | Killed Donald
 52797 | D:8      | Learned a level 6 spell: Deflect Missiles
 52805 | D:8      | Learned a level 5 spell: Irradiate
 53805 | Vaults:2 | Found a gateway to a bazaar.
 53831 | Bazaar   | Entered a bazaar
 53831 | Bazaar   | Found Ronwill's Distillery.
 53831 | Bazaar   | Found Wovvypa's Weapon Shoppe.
 53831 | Bazaar   | Found Towaciz's Weapon Shop.
 53831 | Bazaar   | Found Qixeikana's Antique Armour Shoppe.
 53833 | Bazaar   | Found Kerhiefy's Food Emporium.
 53833 | Bazaar   | Found Woppof's Weapon Shop.
 53856 | Bazaar   | Bought a potion of beneficial mutation for 420 gold pieces
 53856 | Bazaar   | Gained mutation: Your spells are a little harder to cast, but a little more powerful. [potion of beneficial mutation]
 53865 | Bazaar   | Bought a runed robe for 17 gold pieces
 54194 | Vaults:2 | Reached XP level 21. HP: 118/118 MP: 34/51
 54426 | Vaults:2 | Reached skill level 25 in Spellcasting
 55225 | Vaults:3 | Found Jeilemi's Armour Shoppe.
 55539 | Vaults:3 | Reached skill level 1 in Necromancy
 55743 | Vaults:3 | Found a staircase to the Crypt.
 56434 | Vaults:3 | Got a bloodstained robe
 56435 | Vaults:3 | Identified the cursed +0 robe of Agguippa {MR+ Stlth+} (You took it off a tengu conjurer on level 3 of the Vaults)
 56449 | Vaults:3 | Got a faintly humming hat
 56460 | Vaults:3 | Identified the +1 hat "Suonk" {+Blink rElec Str-4 Int+7} (You found it on level 3 of the Vaults)
 56496 | Vaults:3 | Found a radiant altar of Vehumet.
 56515 | Vaults:3 | Got a steaming hat
 56526 | Vaults:3 | Identified the cursed -4 hat of Agnosticism {*Contam rF++ Str+5} (You found it on level 3 of the Vaults)
 56537 | Vaults:3 | Got a faintly humming robe
 56538 | Vaults:3 | Identified the +1 robe of Objectivity {Dex+2} (You found it on level 3 of the Vaults)
 56562 | Vaults:3 | Got a translucent hat
 56563 | Vaults:3 | Identified the +1 hat "Suemacod" {Int+2} (You found it on level 3 of the Vaults)
 57001 | Vaults:4 | Noticed Sojobo
 57147 | Vaults:4 | Noticed Jory
 57150 | Vaults:4 | Killed Jory
 57150 | Vaults:4 | Reached skill level 26 in Spellcasting
 57150 | Vaults:4 | Reached XP level 22. HP: 125/125 MP: 35/54
 57181 | Vaults:4 | HP: 4/125 [deep troll[an ironheart preserver] (14)]
 57189 | Vaults:4 | Mangled by an ettin

Vault maps used:
D:1:      dpeg_arrival_short_road, minivault_14, minmay_misc_feat_roman
D:2:      okawaru_trees_2, lemuel_doored_altar, uniq_jessica,
          uniq_crazy_yiuf_cottage
D:3:      first_bread, cheibriados_altar_1, uniq_grinder
D:4:      ashenzari_altar_1, serial_shops, kennysheep_mini_moat,
          kennysheep_nondescript, gammafunk_pakellas_spire_experiment,
          uniq_duvessa
D:5:      nicolae_overflow_crystal_walls
D:6:      fiery_altar_vehumet, yredelemnul_altar_generic, old_standard_altar,
          minmay_temple_entry_glassed_door, serial_shops, shop_fountains,
          roderic_hopi_sauvastika, corexii_checkpoint_a, dk_vineyard_2,
          uniq_menkaure
D:7:      grunt_livestock
D:8:      tgw_trog, lair_0_dummy, hangedman_decor_diamond_cutter
D:9:      st_stairs_14, elyvilon_altar_3
D:10:     serial_bayou_lake_a, uniq_sonja, uniq_fannar
D:12:     orc_0_dummy, uniq_nergalle
D:13:     special_room, grunt_dithmenos_smoke_and_mirrors
D:14:     lightli_vaults_fourway_checkpoint
D:15:     gammafunk_enter_depths_forms, serial_shops, nicolae_shop_trees,
          portal_ice_cave_entry_imps, basic_altar, tgw_xom
Temple:   hc_temple_tempest_star
Lair:1:   lab_entry_generic, lemuel_fruit_tree, grunt_megastairs_4
Lair:2:   wad_woods_structure_01, minivault_24, grunt_forest_stairs_basic,
          minivault_24
Lair:4:   minmay_shoals_entry_centaurs
Lair:5:   infiniplex_staircase_pool_2, serial_bayou_shore_b
Lair:6:   spider_nest_entry_rubble, grunt_megastairs_2, uniq_nessos
Lair:7:   nicolae_slime_entry_slimehenge, infiniplex_staircase_pool,
          serial_bayou_shore_a, lemuel_fruit_fields
Lair:8:   due_jungle_book
Shoals:1: serial_shops, nicolae_shop_window_shopping, nicolae_shoals_loop_pool
Shoals:3: uniq_nikola
Shoals:4: shoals_end_simple, shoals_ilsuiw_alternative,
          nicolae_shoals_isolated_beach
Spider:4: grunt_spider_rune_island, uniq_kirke
Orc:2:    pubby_orc_utopia, uniq_maurice, uniq_snorg
Elf:1:    basic_altar, hangedman_corner_corridor, minivault_27
Elf:2:    st_stairs_12
Elf:3:    minmay_elf_hall_hex, serial_shops, shop_fountains, grunt_ministairs_11
Vaults:1: ontoclasm_vaults_claustrophobia, v_pattern_3, vaults_dpeg_hooks,
          kb_rosetta, v_rooms_3, vaults_mumra_chevron_long,
          nicolae_vaults_disjoint_gnomons, v_misc_28, nicolae_vaults_arrows,
          v_rooms_1, v_alt_pattern_1, nicolae_vaults_little_squares_1,
          nicolae_vaults_rhombus_7, vaults_dpeg_encased_lava, uniq_aizul,
          uniq_donald
Vaults:2: v_rooms_6, v_misc_19, vaults_room_pool, v_misc_8,
          hangedman_vaults_snaps, ontoclasm_vaults_twist, v_alt_pattern_1,
          nicolae_vaults_statue_guard, grunt_vaults_funnel,
          hangedman_vaults_trim, serial_shops, bzr_entry_gold
Vaults:3: nicolae_vaults_little_squares_3, grunt_vaults_bifocal, v_rooms_6,
          v_misc_28, v_rooms_2, vaults_standard_mumra_enter_the_diamond,
          minmay_crypt_entry_simple_box, v_alt_pattern_2, v_misc_3,
          grunt_tower_of_power, nicolae_vaults_little_squares_5,
          ontoclasm_vaults_hangar, vaults_dpeg_diagonal,
          vaults_room_stairs_pillars, serial_shops, shop
Vaults:4: v_alt_pattern_2, vaults_dpeg_cross, nicolae_vaults_little_squares_5,
          v_misc_33, ontoclasm_vaults_decontamination, v_misc_4, v_misc_1,
          vaults_room_corners, nicolae_vaults_ring_of_whatevers,
          ontoclasm_vaults_shuriken, vaults_standard_mumra_x, v_misc_25,
          uniq_sojobo, uniq_jory
Abyss:2:  evilmike_abyss_exit_chaos
Lab:      nicolae_lab_starburst, lab_statue, nicolae_lab_arrow,
          labyrinth_lava_lair, nicolae_lab_dead_end, nicolae_lab_hexagon,
          nicolae_lab_x, nicolae_lab_plus, nicolae_lab_quarters,
          labyrinth_skeletal_remains
Bazaar:   bazaar_minmay_generic_island
IceCv:    ice_cave_small_giant

Action                   |  1- 3 |  4- 6 |  7- 9 | 10-12 | 13-15 | 16-18 | 19-21 | 22-24 || total
-------------------------+-------+-------+-------+-------+-------+-------+-------+-------++-------
Melee: Unarmed           |     1 |       |       |       |       |       |       |       ||     1
       Dagger            |       |     3 |       |       |       |       |       |       ||     3
       Quarterstaff      |       |    22 |   159 |   371 |   129 |    50 |    40 |       ||   771
       Flail             |       |       |       |       |       |     1 |       |       ||     1
       Rod               |       |       |       |       |       |       |     1 |       ||     1
       Staff             |       |       |       |       |       |       |    78 |     5 ||    83
 Cast: Flame Tongue      |    37 |    51 |    22 |       |       |       |       |       ||   110
       Throw Flame       |     9 |    40 |    71 |    53 |     4 |       |       |       ||   177
       Sticky Flame      |       |     4 |    43 |    35 |     9 |     8 |     1 |       ||   100
       Fireball          |       |       |     5 |    10 |    19 |    24 |    60 |     3 ||   121
       Inner Flame       |       |       |     3 |    14 |    13 |     7 |       |       ||    37
       Repel Missiles    |       |       |     3 |     1 |     1 |     1 |     7 |       ||    13
       Mephitic Cloud    |       |       |     6 |     4 |     2 |       |     1 |       ||    13
       Ignite Poison     |       |       |     4 |     4 |     1 |       |     1 |       ||    10
       Bolt of Fire      |       |       |       |    76 |   401 |   420 |   568 |     9 ||  1474
       Throw Frost       |       |       |       |     3 |    18 |       |     2 |       ||    23
       Delayed Fireball  |       |       |       |     1 |     6 |     3 |     3 |       ||    13
       Blink             |       |       |       |       |     3 |       |    11 |       ||    14
       Poison Arrow      |       |       |       |       |     8 |     2 |    15 |       ||    25
       Tukima's Dance    |       |       |       |       |     3 |    34 |    40 |     2 ||    79
       Iron Shot         |       |       |       |       |    22 |    68 |    19 |       ||   109
       Bolt of Cold      |       |       |       |       |       |    14 |    35 |       ||    49
       Ring of Flames    |       |       |       |       |       |     1 |     4 |     1 ||     6
       Regeneration      |       |       |       |       |       |       |    12 |       ||    12
       Lehudib's Crystal |       |       |       |       |       |       |     3 |       ||     3
       Deflect Missiles  |       |       |       |       |       |       |     4 |     1 ||     5
       Irradiate         |       |       |       |       |       |       |     1 |       ||     1
 Abil: Release Delayed F |       |       |       |       |     6 |     3 |     2 |       ||    11
Evoke: Wand              |       |       |     1 |    10 |     2 |     6 |     7 |       ||    26
       Rod               |       |       |       |     6 |    59 |    72 |    43 |       ||   180
  Use: Potion            |       |     1 |    11 |     5 |     2 |     8 |    12 |     3 ||    42
       Scroll            |       |       |    15 |    18 |    15 |    11 |    19 |     2 ||    80
 Stab: Sleeping          |     1 |     2 |     5 |    11 |     4 |     1 |     6 |     1 ||    31
       Paralysed         |       |       |     1 |       |     1 |       |       |       ||     2
       Petrifying        |       |       |       |     1 |       |       |       |       ||     1
       Confused          |       |       |       |       |       |       |     1 |       ||     1
  Eat: Chunk             |     2 |     6 |    17 |    22 |    24 |    17 |    31 |       ||   119
       Pizza             |       |     1 |     1 |     6 |       |       |       |       ||     8
       Beef jerky        |       |       |     2 |     3 |     1 |     1 |     3 |       ||    10
       Fruit             |       |       |     1 |     1 |       |       |       |       ||     2
       Meat ration       |       |       |     3 |     1 |     4 |     4 |     1 |       ||    13
       Bread ration      |       |       |       |     4 |       |       |       |       ||     4
